 Dungeon Crawl Stone Soup version 0.22-a0-240-g539252a (webtiles) character file.

6 Amnesiac the Charlatan (level 1, -1/9 HPs)
             Began as a Spriggan Artificer on Feb 21, 2018.
             Slain by a rat (2 damage)
             ... on level 2 of the Dungeon.
             The game lasted 00:02:08 (363 turns).

Amnesiac the Charlatan (Spriggan Artificer)          Turns: 363, Time: 00:02:08

Health: -1/9       AC:  3    Str:  8    XL:     1   Next: 75%
Magic:  4/4        EV: 18    Int: 12    God:
Gold:   27         SH:  0    Dex: 16    Spells: 0/0 levels left

rFire    . . .     SeeInvis +   a - -1 dagger (curse)
rCold    . . .     Gourm    .   (shield restricted)
rNeg     . . .     Faith    .   h - +1 robe
rPois    .         Spirit   .   (helmet restricted)
rElec    .         Reflect  .   (no cloak)
rCorr    .         Harm     .   (gloves unavailable)
MR       .....                  (boots unavailable)
Stlth    ++........             (no amulet)
HPRegen  0.03/turn              (no ring)
MPRegen  0.09/turn              (no ring)

@: very quick
A: very small, unfitting armour, see invisible, herbivore, speed 3, slow
metabolism 2
a: no special abilities


You were on level 2 of the Dungeon.
You were not hungry.

You visited 1 branch of the dungeon, and saw 2 of its levels.

You collected 27 gold pieces.

Inventory:

Hand Weapons
 a - a cursed -1 dagger (weapon)
 b - a +0 hunting sling
 k - a +0 short sword
Missiles
 i - 55 stones (quivered)
Armour
 h - a +1 robe (worn)
Wands
 c - a wand of flame (15)
 d - a wand of enslavement (15)
 e - a wand of random effects (15)
Comestibles
 f - a ration


   Skills:
 + Level 0.9 Fighting
 + Level 1.2 Short Blades
 + Level 3.1 Dodging
 + Level 1.8 Stealth
 * Level 4.2 Evocations


You couldn't memorise any spells.
You didn't know any spells.

Dungeon Overview and Level Annotations

Branches:
Dungeon (2/15)

Altars:


Innate Abilities, Weirdness & Mutations

You are very small and have problems with some larger weapons.
You are too small for most types of armour.
You have supernaturally acute eyesight. (SInv)
You are a herbivore.
You cover ground extremely quickly.
You need consume almost no food.


Message History

* * * LOW HITPOINT WARNING * * *
Found 27 stones.
Firing (i - inventory)
i - 29 stones (quivered)
Press: ? - help, Shift-Dir - straight line, f - frilled lizard
Aim: a frilled lizard You shoot a stone.
The stone closely misses the frilled lizard.
Firing (i - inventory)
i - 28 stones (quivered)
Press: ? - help, Shift-Dir - straight line, f/p - frilled lizard
Aim: a frilled lizard
Okay, then.
Found a glowing dagger.
You see here 27 stones.
i - 55 stones (gained 27)
The frilled lizard hisses.
You see here a glowing dagger.
k - a glowing dagger The frilled lizard unfolds its giant frill.
Wield which item (- for none, * to show all)? (? for menu, Esc to quit)
You don't have any such object.
Wield which item (- for none, * to show all)? (? for menu, Esc to quit)
Okay, then.
Wield which item (- for none, * to show all)? (? for menu, Esc to quit)
Okay, then.
Adjust (i)tems, (s)pells, or (a)bilities?
Adjust which item? (? for menu, Esc to quit)
k - a glowing dagger Adjust to which letter? (? for menu, Esc to quit)
a - a glowing dagger;
k - a +0 short sword It sticks to your hand!
a - a cursed -1 dagger (weapon)
Really read
j - a scroll labeled XETHEI NAESYR {!r}?
As you read the scroll labeled XETHEI NAESYR {!r}, it crumbles to dust.
You feel strangely unstable.
It was a scroll of teleportation {!r}.
Really read
g - a scroll labeled VAQEAPPIAGA {!r}?
As you read the scroll labeled VAQEAPPIAGA {!r}, it crumbles to dust.
It is a scroll of enchant armour.
Your +0 robe glows green for a moment.
Your surroundings suddenly seem different.
Found a pair of gloves.
A bat comes into view.
The helpless bat fails to defend itself.
You puncture the bat!
You kill the bat!
You start resting.
A goblin comes into view.
Found a stone staircase leading down.
A rat comes into view.
You see here a pair of gloves.
Found 8 gold pieces.
Found a stone staircase leading up.
A frilled lizard comes into view.
The goblin shouts!
The frilled lizard hisses angrily.
The rat barely misses you.
Found a leather armour.
The goblin hits you.
* * * LOW HITPOINT WARNING * * *
Found a ring mail.
The frilled lizard bites you.
* * * LOW HITPOINT WARNING * * *
You see here 8 gold pieces.
You now have 27 gold pieces (gained 8).
The frilled lizard misses you. The rat bites you.
You die...

### ... #.#
############..#
#.....g...#..#
.#...@rl>..<.#
.............###
..[#.........#
.. #.........#
#.####.#### .[.
#.# ## #.# #[#
#.# .......


You could see a goblin, a frilled lizard and a rat.

Vanquished Creatures
  A giant cockroach (D:2)
  4 bats
  A frilled lizard (D:2)
6 creatures vanquished.

Notes
Turn   | Place    | Note
-------+----------+-------------------------------------------
     0 | D:1      | Amnesiac the Spriggan Artificer began the quest for the Orb.
     0 | D:1      | Reached XP level 1. HP: 9/9 MP: 4/4
   363 | D:2      | Slain by a rat

Vault maps used:
D:1:      saegor_arrival_simple_b, amethyst_killhole
D:2:      first_ration

Action                   || total
-------------------------++-------
Melee: Short sword       ||     5
       Dagger            ||     1
 Fire: Hunting sling     ||    19
  Use: Scroll            ||     2
 Stab: Sleeping          ||     1
Armor: Robe              ||     7
Dodge: Dodged            ||    38

Table legend:
 A = Spawn XP
 B = Non-spawn XP
 C = Spawn XP percentage of total XP
 D = Spawn monster count
 E = Non-spawn monster count
 F = Spawn count percentage of total count
 G = Total turns spent on level
                    A         B        C        D         E        F      G
               +---------+---------+-------+---------+---------+-------+---------
         Total |       0 |       9 |   0.0 |       0 |       6 |   0.0 |   363
               +---------+---------+-------+---------+---------+-------+---------
           D:1 |       0 |       4 |   0.0 |       0 |       3 |   0.0 |   136
           D:2 |       0 |       5 |   0.0 |       0 |       3 |   0.0 |   227
               +---------+---------+-------+---------+---------+-------+---------
